 Dungeon Crawl Stone Soup version 0.25-a0-429-g4e4398398a (webtiles) character file.

Game seed: 11431729091438345409, levelgen mode: deterministic

1334 kipponium the Charmwright (level 8, 64/64 HPs)
             Began as a Gnoll Skald on Jan 25, 2020.
             Was a Follower of Okawaru.
             Quit the game on level 6 of the Dungeon on Apr 10, 2020.
             The game lasted 00:22:42 (5085 turns).

kipponium the Charmwright (Gnoll Skald)             Turns: 5085, Time: 00:22:42

Health: 64/64      AC:  8    Str: 15    XL:     8   Next: 61%
Magic:  17/17      EV: 15    Int: 15    God:    Okawaru [*.....]
Gold:   126        SH:  0    Dex: 16    Spells: 8/19 levels left

rFire    . . .     SeeInvis .   a - +2 short sword (vamp)
rCold    . . .     Gourm    .   (no shield)
rNeg     . . .     Faith    .   t - +1 troll leather armour {Purgy}
rPois    .         Spirit   .   h - +0 helmet
rElec    .         Reflect  .   x - +0 cloak
rCorr    .         Harm     .   (no gloves)
MR       +....                  (no boots)
Stlth    +++.......             (no amulet)
HPRegen  0.60/turn              k - ring of stealth
MPRegen  0.15/turn              B - ring of protection from magic

@: no status effects
A: distributed training, fangs 1, strong nose
a: Heroism, Renounce Religion


You were on level 6 of the Dungeon.
You worshipped Okawaru.
Okawaru was aware of your devotion.
You were not hungry.

You visited 1 branch of the dungeon, and saw 6 of its levels.

You collected 126 gold pieces.

Inventory:

Hand Weapons
 a - a +2 vampiric short sword (weapon)
 b - a +0 hunting sling
 l - a +0 falchion
Missiles
 j - 64 stones (quivered)
Armour
 f - a +1 leather armour of cold resistance
 h - a +0 helmet (worn)
 t - a +1 troll leather armour (worn) {Purgy}
 x - a +0 cloak (worn)
 A - a +1 plate armour of fire resistance
Jewellery
 g - an uncursed ring of fire
 k - a ring of stealth (left hand)
 B - a ring of protection from magic (right hand)
Wands
 w - a wand of random effects (11)
Scrolls
 e - 2 scrolls of immolation
 m - a scroll of enchant armour
 n - a scroll of amnesia {unknown}
 o - a scroll of enchant weapon {unknown}
 s - a scroll of blinking {unknown}
 v - a scroll of remove curse {unknown}
 y - a scroll of fog {unknown}
Potions
 c - a potion of magic {unknown}
 i - a potion of resistance {unknown}
 p - a potion of flight
 q - 2 potions of heal wounds {unknown}
 r - 2 potions of curing {unknown}
 u - a potion of berserk rage {unknown}
 C - a potion of haste
Comestibles
 d - 11 rations
 z - 2 chunks of flesh


   Skills:
 + Level 5.7 Fighting
 + Level 3.3 Short Blades
 + Level 5.7 Long Blades
 + Level 3.3 Axes
 + Level 3.3 Maces & Flails
 + Level 3.3 Polearms
 + Level 3.3 Staves
 + Level 3.3 Slings
 + Level 3.3 Bows
 + Level 3.3 Crossbows
 + Level 3.3 Throwing
 + Level 4.3 Armour
 + Level 5.7 Dodging
 + Level 3.3 Stealth
 + Level 3.3 Shields
 + Level 3.3 Unarmed Combat
 + Level 6.1 Spellcasting
 + Level 2.7 Conjurations
 + Level 2.7 Hexes
 + Level 6.1 Charms
 + Level 2.7 Summonings
 + Level 2.7 Necromancy
 + Level 2.7 Translocations
 + Level 2.7 Transmutations
 + Level 2.7 Fire Magic
 + Level 2.7 Ice Magic
 + Level 2.7 Air Magic
 + Level 2.7 Earth Magic
 + Level 2.7 Poison Magic
 + Level 3.7 Invocations
 + Level 3.3 Evocations


You had 8 spell levels left.
You knew the following spells:

 Your Spells              Type           Power        Failure   Level  Hunger
a - Infusion              Chrm           ###.         1%          1    None
b - Song of Slaying       Chrm           ###.....     2%          2    #......
c - Shroud of Golubria    Chrm/Tloc      ###...       4%          2    #......
d - Ozocubu's Armour      Chrm/Ice       ###.....     9%          3    ##.....
e - Spectral Weapon       Hex/Chrm       ###.....     9%          3    ##.....

Your spell library contained the following spells:

 Spells                   Type           Power        Failure   Level  Hunger


Dungeon Overview and Level Annotations

Branches:
Dungeon (6/15)
 Temple: D:4-7

Altars:
Dithmenos
Elyvilon
Fedhas
Gozag
Kikubaaqudgha
Nemelex Xobeh
Okawaru
Qazlal
Ru
Trog
Wu Jian
Zin
The Shining One


Innate Abilities, Weirdness & Mutations

Your experience applies equally to all skills.
You have very sharp teeth.
Your uncanny sense of smell can sniff out nearby items.


Message History

You kill the rat!
Okawaru accepts your kill.
Done exploring.
You see here a rat corpse.
There is an open door here.
There is an open door here.
Your magical infusion is running out.
You are no longer magically infusing your attacks.
There is an open door here.
There is a stone staircase leading down here.
You climb downwards.
There is a stone staircase leading up here.
As you read the scroll labeled WIWKIM IRRIKOO, it crumbles to dust.
It is a scroll of enchant armour.
Your +0 troll leather armour {Purgy} glows green for a moment.
Saving game... please wait.
Welcome back, kipponium the Gnoll Skald.
Okawaru says: Bring me glory in combat!
Press ? for a list of commands and other information.
Are you sure you want to abandon this character and quit the game? (Confirm with "yes".)

..# #.#
#.# ..#
#.#
#.#####.#
#.......#
#@#
#......#
#.##.#.#
# #.#.#
..# # ###


There were no monsters in sight!

Vanquished Creatures
  Purgy (D:3)
  An orc warrior (D:5)
  2 phantoms
  A bullfrog (D:5)
  A scorpion (D:5)
  A howler monkey (D:5)
  A crimson imp (D:5)
  A bullfrog skeleton (D:5)
  4 hounds
  4 orc wizards
  Crazy Yiuf (D:3)
  2 orc priests (D:4)
  An iguana (D:4)
  Natasha (thrice) (D:2)
  2 worker ants (D:4)
  A hound skeleton (D:4)
  Robin (D:2)
  9 adders
  2 shadow imps (D:5)
  3 oozes
  2 adder skeletons (D:4)
  2 worms
  4 dart slugs
  A leopard gecko (D:4)
  28 orcs
  12 bats
  8 giant cockroaches
  16 goblins
  8 hobgoblins
  4 quokkas
  4 frilled lizards
  6 kobolds
  2 quokka skeletons
  9 rats
  2 fungi (D:3)
150 creatures vanquished.

Notes
Turn   | Place    | Note
-------+----------+-------------------------------------------
     0 | D:1      | kipponium the Gnoll Skald began the quest for the Orb.
     0 | D:1      | Reached XP level 1. HP: 20/20 MP: 6/6
   152 | D:1      | Reached XP level 2. HP: 24/26 MP: 7/7
   389 | D:1      | Learned a level 2 spell: Song of Slaying
   392 | D:1      | Learned a level 2 spell: Shroud of Golubria
   546 | D:2      | Reached XP level 3. HP: 31/31 MP: 6/9
   586 | D:2      | Reached skill level 5 in Spellcasting
   697 | D:2      | Reached skill level 1 in Invocations
   807 | D:2      | Noticed Robin
   817 | D:2      | Reached skill level 1 in Short Blades
   817 | D:2      | Reached skill level 1 in Axes
   817 | D:2      | Reached skill level 1 in Maces & Flails
   817 | D:2      | Reached skill level 1 in Polearms
   817 | D:2      | Reached skill level 1 in Staves
   817 | D:2      | Reached skill level 1 in Slings
   817 | D:2      | Reached skill level 1 in Bows
   817 | D:2      | Reached skill level 1 in Crossbows
   817 | D:2      | Reached skill level 1 in Throwing
   817 | D:2      | Reached skill level 1 in Stealth
   817 | D:2      | Reached skill level 1 in Shields
   817 | D:2      | Reached skill level 1 in Unarmed Combat
   817 | D:2      | Reached skill level 1 in Evocations
   822 | D:2      | Reached XP level 4. HP: 35/38 MP: 0/11
   835 | D:2      | Killed Robin
  1195 | D:2      | Reached skill level 1 in Conjurations
  1195 | D:2      | Reached skill level 1 in Hexes
  1195 | D:2      | Reached skill level 1 in Summonings
  1195 | D:2      | Reached skill level 1 in Necromancy
  1195 | D:2      | Reached skill level 1 in Translocations
  1195 | D:2      | Reached skill level 1 in Transmutations
  1195 | D:2      | Reached skill level 1 in Fire Magic
  1195 | D:2      | Reached skill level 1 in Ice Magic
  1195 | D:2      | Reached skill level 1 in Air Magic
  1195 | D:2      | Reached skill level 1 in Earth Magic
  1195 | D:2      | Reached skill level 1 in Poison Magic
  1202 | D:2      | Learned a level 3 spell: Ozocubu's Armour
  1206 | D:2      | Learned a level 3 spell: Spectral Weapon
  1212 | D:2      | Noticed Natasha
  1221 | D:2      | Killed Natasha
  1221 | D:2      | Reached XP level 5. HP: 35/43 MP: 6/12
  1402 | D:2      | Found a glowing golden altar of the Shining One.
  1443 | D:2      | Noticed Natasha
  1458 | D:2      | Killed Natasha
  1491 | D:2      | Noticed Natasha
  1526 | D:2      | Killed Natasha
  1568 | D:2      | Found a white marble altar of Elyvilon.
  2173 | D:3      | Noticed Purgy
  2189 | D:3      | Killed Purgy
  2189 | D:3      | Reached skill level 5 in Fighting
  2189 | D:3      | Reached skill level 5 in Long Blades
  2189 | D:3      | Reached skill level 5 in Dodging
  2189 | D:3      | Reached XP level 6. HP: 41/51 MP: 2/14
  2384 | D:3      | Found a sparkling altar of Nemelex Xobeh.
  2748 | D:3      | Found a runed translucent door.
  2749 | D:3      | Noticed Crazy Yiuf
  2761 | D:3      | Killed Crazy Yiuf
  2924 | D:4      | Found an ancient bone altar of Kikubaaqudgha.
  2929 | D:4      | Found a shadowy altar of Dithmenos.
  3257 | D:4      | Reached XP level 7. HP: 53/56 MP: 9/15
  3388 | D:4      | Found a blossoming altar of Fedhas.
  3974 | D:4      | Found an ornate altar of the Wu Jian Council.
  4060 | D:4      | Found an iron altar of Okawaru.
  4086 | D:4      | Became a worshipper of Warmaster Okawaru
  4110 | D:5      | Entered Level 5 of the Dungeon
  4120 | D:5      | Found a sacrificial altar of Ru.
  4121 | D:5      | Found a stormy altar of Qazlal.
  4121 | D:5      | Found an opulent altar of Gozag.
  4157 | D:5      | Reached XP level 8. HP: 63/63 MP: 12/16
  4334 | D:5      | Found a sparkling altar of Nemelex Xobeh.
  4509 | D:5      | Found a glowing silver altar of Zin.
  4779 | D:5      | Reached * piety under Okawaru
  4966 | D:5      | Noticed a moth of wrath
  4968 | D:5      | Found a bloodstained altar of Trog.
  5085 | D:6      | Quit the game

Levels and vault maps discovered:
D:1:      nzn_arrival_water_spiral, layout_rooms
D:2:      minmay_angry_zag, layout_basic, elyvilon_altar_5, tso_metal_star,
          minmay_strange_pillars, uniq_natasha, uniq_robin
D:3:      layout_loops_cross, nemelex_dance_club_becter, uniq_purgy,
          uniq_crazy_yiuf_cottage
D:4:      layout_basic, nicolae_dithmenos_shadow_blocks, lemuel_round_altar,
          kennysheep_okawaru_gauntlet, lemuel_doored_altar,
          fedhas_ov_isle_minmay, first_ration, chequers_garden
D:5:      layout_basic, tgw_trog, kennysheep_mini, nemelex_altar_shiori,
          grunt_temple_overflow_open, serial_park_tiny_1
D:6:      minmay_goblin_kobold_castle, layout_loops_cross,
          overflow_temple_1_default, marbit_many_paths, temple_green

Skill      XL: |  1  2  3  4  5  6  7  8 |
---------------+-------------------------+-----
Spellcasting   | 5 6 |  6.1
Invocations    | 1 2 3 |  3.7
Short Blades   | 1 2 3 |  3.3
Axes           | 1 2 3 |  3.3
Maces & Flails | 1 2 3 |  3.3
Polearms       | 1 2 3 |  3.3
Staves         | 1 2 3 |  3.3
Slings         | 1 2 3 |  3.3
Bows           | 1 2 3 |  3.3
Crossbows      | 1 2 3 |  3.3
Throwing       | 1 2 3 |  3.3
Stealth        | 1 2 3 |  3.3
Shields        | 1 2 3 |  3.3
Unarmed Combat | 1 2 3 |  3.3
Evocations     | 1 2 3 |  3.3
Conjurations   | 1 2 |  2.7
Hexes          | 1 2 |  2.7
Summonings     | 1 2 |  2.7
Necromancy     | 1 2 |  2.7
Translocations | 1 2 |  2.7
Transmutations | 1 2 |  2.7
Fire Magic     | 1 2 |  2.7
Ice Magic      | 1 2 |  2.7
Air Magic      | 1 2 |  2.7
Earth Magic    | 1 2 |  2.7
Poison Magic   | 1 2 |  2.7
Armour         | 3 4 |  4.3
Fighting       | 5 |  5.7
Long Blades    | 5 |  5.7
Dodging        | 5 |  5.7
Charms         | 6 |  6.1

Action                   |  1- 3 |  4- 6 |  7- 9 || total
-------------------------+-------+-------+-------++-------
Melee: Falchion          |   101 |   152 |    37 ||   290
       Bite              |    10 |    23 |    24 ||    57
       Punch             |     2 |     3 |     3 ||     8
       Short sword       |       |       |   148 ||   148
 Fire: Hunting sling     |       |    30 |       ||    30
Throw: Stone             |       |     6 |     7 ||    13
 Cast: Infusion          |     6 |    17 |    19 ||    42
       Shroud of Golubri |     2 |    10 |     5 ||    17
       Song of Slaying   |     1 |     1 |     4 ||     6
Evoke: Wand              |       |       |     7 ||     7
  Use: Scroll            |       |     4 |     1 ||     5
 Stab: Sleeping          |     1 |     3 |     7 ||    11
  Eat: Chunk             |       |     5 |     6 ||    11
       Ration            |       |     1 |       ||     1
Armor: Leather armour    |    28 |    28 |       ||    56
       Troll leather arm |       |     6 |    39 ||    45
Dodge: Dodged            |    74 |   100 |   148 ||   322
       Rpst.: Falchion   |    18 |    23 |     4 ||    45

Table legend:
 A = Non-vault XP
 B = Vault XP
 C = Vault XP percentage of total XP
 D = Non-vault monster count
 E = Vault monster count
 F = Vault count percentage of total count
                 A         B        C        D         E       F
            +---------+---------+-------+---------+---------+-------
      Total |    1616 |     291 |  15.3 |     119 |      29 |  19.6
            +---------+---------+-------+---------+---------+-------
        D:1 |      32 |       0 |   0.0 |      18 |       0 |   0.0
        D:2 |     162 |      90 |  35.7 |      33 |      18 |  35.3
        D:3 |      28 |     189 |  87.1 |       8 |       4 |  33.3
        D:4 |     585 |       3 |   0.5 |      32 |       2 |   5.9
        D:5 |     809 |       9 |   1.1 |      28 |       5 |  15.2
            +---------+---------+-------+---------+---------+-------
